 Dungeon Crawl Stone Soup version 0.31.0-9-g3a7656b989 (webtiles) character file.

Game seed: 18214892256011572745

460 Colgate the Chopper (level 6, -2/47 HPs)
             Began as a Demonspawn Fighter on Jan 29, 2024.
             Was a Priest of Makhleb.
             Killed by nerve-wracking pain
             ... invoked by an orc priest
              (14 damage)
             ... on level 4 of the Dungeon.
             The game lasted 00:03:30 (2128 turns).

Colgate the Chopper (Demonspawn Fighter)            Turns: 2128, Time: 00:03:31

Health: -2/47      AC:  8    Str: 19    XL:     6   Next: 78%
Magic:  6/6        EV:  9    Int: 14    God:    Makhleb [***...]
Gold:   183        SH:  4    Dex: 12    Spells: 5/5 levels left

rFire   . . .        a - +0 war axe
rCold   . . .        c - +0 buckler
rNeg    . . .        b - +0 scale mail
rPois   .            (no helmet)
rElec   .            (no cloak)
rCorr   .            (no gloves)
SInv    .            (no boots)
Will    .....        (no amulet) Stlth
                     h - +6 ring of intelligence
HPRegen 0.27/turn    (no ring)
MPRegen 0.10/turn

%: no passive effects
@: no status effects
A: thin metallic scales 1, ignite blood 1, powered by death 2
a: Renounce Religion, Minor Destruction, Lesser Servant of Makhleb


You were on level 4 of the Dungeon.
You worshipped Makhleb.
Makhleb was most pleased with you.
You visited 1 branch of the dungeon, and saw 4 of its levels.

You collected 183 gold pieces.

Inventory:

Hand Weapons
 a - a +0 war axe (weapon)
Missiles
 l - 4 poisoned darts (quivered)
 n - 12 boomerangs
Armour
 b - a +0 scale mail (worn)
 c - a +0 buckler (worn)
 e - a +0 pair of gloves
Jewellery
 h - a +6 ring of intelligence (left hand)
Scrolls
 f - a scroll of vulnerability {unknown}
 i - 2 scrolls of teleportation {unknown}
 o - a scroll of brand weapon {unknown}
 p - 2 scrolls of identify {@r1}
Potions
 d - a potion of might {@q3}
 g - a potion of cancellation {unknown}
 j - a potion of mutation {unknown}
 k - 2 potions of brilliance
 m - 2 potions of curing {@q1}


   Skills:
 - Level 3.0 Fighting
 + Level 6.7 Axes
 - Level 2.6 Armour
 - Level 2.6 Shields


You had 5 spell levels left.
You didn't know any spells.
Your spell library contained the following spells:

 Spells                   Type           Power      Damage    Failure   Level
 Tukima's Dance           Hex            0%         N/A       97%         3
 Dimensional Bullseye     Hex/Tloc       0%         N/A       100%        4
 Iskenderun's Mystic Bla  Conj/Tloc      0%         2d3       100%        4


Dungeon Overview and Level Annotations

Branches:
Dungeon (4/15)             Temple (0/1) D:4

Altars:
Makhleb


Innate Abilities, Weirdness & Mutations

You are partially covered in thin metallic scales. (AC +2)
Your demonic aura sometimes causes spilled blood to erupt in flames.
You regenerate health from kills.


Message History

You are too injured to fight recklessly!
There are monsters nearby!
You are too injured to fight recklessly!
There are monsters nearby!
You are too injured to fight recklessly!
There are monsters nearby!
You are too injured to fight recklessly!
There are monsters nearby!
You hit the orc but do no damage. You barely miss the adder skeleton.
The adder skeleton bites you but does no damage.
The orc hits you with a +0 hand axe. The adder skeleton closely misses you.
You hit the orc.
You kill the orc!
Makhleb accepts your kill.
You feel better.
You hit the adder skeleton. The adder skeleton closely misses you.
The adder skeleton barely misses you.
Things that are here:
a +0 hand axe; a +0 ring mail; an orc corpse The adder skeleton bites you.
Something hits you but does no damage.
Found an escape hatch in the floor.
The adder skeleton attacks as it pursues you!
The adder skeleton bites you but does no damage.
The orc priest invokes the aid of Beogh against you.
Pain shoots through your body! Something hits you but does no damage.
You block the adder skeleton's attack.
The orc priest calls down the wrath of Beogh upon you.
Beogh smites you!
* * * LOW HITPOINT WARNING * * *
Something hits you but does no damage.
The orc priest mumbles some strange prayers to Beogh against you.
You barely miss the adder skeleton. You hit something.
The adder skeleton barely misses you.
You slash the adder skeleton!
You destroy the adder skeleton!
Makhleb accepts your kill.
You miss something.
The orc priest mumbles some strange prayers to Beogh against you.
Pain shoots through your body!
You die...

#...#######+########.## ######
#...#....... #+# #...
~.~.#....... +... ~~P.#.......
#... ♣~~P........ #...
~~.P....... #... .†.........
########...
....).###+#####+##............###
.....)........o.@#........<...#
######...........#............#
...............#............##
................#.............#
.................#.............#
>................#.............##
.................#...............
....##...........#...............
######.......... #...............


You could see an orc priest.

Vanquished Creatures
  A scorpion (D:4)
  2 water moccasin zombies (D:4)
  A hound (D:4)
  A bullfrog skeleton (D:4)
  A scorpion zombie (D:4)
  An orc wizard (D:4)
  4 hound zombies (D:4)
  2 hound skeletons (D:4)
  A howler monkey zombie (D:4)
  A howler monkey skeleton (D:4)
  2 adder skeletons (D:4)
  2 dart slugs
  2 ribbon worms (D:2)
  7 orcs (D:4)
  4 endoplasms
  2 giant cockroaches
  7 goblins
  3 hobgoblins
  4 jackals (D:2)
  4 kobolds
  4 quokkas
  5 ball pythons
  4 bats
  3 frilled lizards (D:2)
  A quokka zombie (D:4)
  3 rats
72 creatures vanquished.

Notes
Turn   | Place    | Note
-------+----------+-------------------------------------------
     0 | D:1      | Colgate the Demonspawn Fighter began the quest for the Orb.
     0 | D:1      | Reached XP level 1. HP: 18/18 MP: 1/1
    56 | D:1      | Reached skill level 2 in Axes
   168 | D:1      | Gained mutation: You regenerate a little health from kills.
                  | [demonic ancestry]
   168 | D:1      | Reached XP level 2. HP: 24/24 MP: 2/2
   202 | D:1      | Found a faded altar of an unknown god.
   209 | D:1      | Prayed at the altar of an unknown god.
   209 | D:1      | Became a worshipper of Makhleb the Destroyer
   209 | D:1      | Reached * piety under Makhleb
   776 | D:2      | Reached skill level 3 in Axes
   873 | D:2      | Gained mutation: You are partially covered in thin metallic
                  | scales. (AC +2) [demonic ancestry]
   873 | D:2      | Reached XP level 3. HP: 29/29 MP: 3/3
   956 | D:2      | Reached ** piety under Makhleb
  1801 | D:4      | Reached skill level 4 in Axes
  1801 | D:4      | Gained mutation: You regenerate health from kills. [demonic
                  | ancestry]
  1801 | D:4      | Reached XP level 4. HP: 35/35 MP: 4/4
  1811 | D:4      | Gained mutation: Your demonic aura sometimes causes spilled
                  | blood to erupt in flames. [demonic ancestry]
  1811 | D:4      | Reached XP level 5. HP: 41/41 MP: 5/5
  1814 | D:4      | Reached skill level 5 in Axes
  1879 | D:4      | Reached XP level 6. HP: 47/47 MP: 6/6
  1895 | D:4      | Reached skill level 6 in Axes
  1922 | D:4      | Found a staircase to the Ecumenical Temple.
  2104 | D:4      | Reached *** piety under Makhleb
  2128 | D:4      | Killed from afar by an orc priest

Illustrated notes

Levels and vault maps discovered:
D:1:      minmay_arrival_shoal_huts, layout_loops_cross,
          dilly_ecumenical_altar_fadedgnrine, chequers_hall_statues_corner_a
D:2:      layout_basic
D:3:      layout_rooms
D:4:      layout_gridville, mainiacjoe_overflow_chevrons,
          minmay_temple_entry_junction, serial_undead, serial_undead_c,
          serial_undead_a, serial_undead_a, serial_undead_d, serial_undead_b,
          serial_undead_a, serial_undead_a, serial_bayou_lagoon_a

Skill      XL: |  1  2  3  4  5  6 |
---------------+-------------------+-----
Axes           | 2 3 4 5 6 |  6.7
Fighting       | |  3.0
Armour         | |  2.6
Shields        | |  2.6

Action                     |  1- 3 |  4- 6 || total
---------------------------+-------+-------++-------
  Melee: War axe           |   120 |    93 ||   213
    Use: Scroll            |     3 |       ||     3
 Armour: Scale mail        |   111 |    98 ||   209
  Dodge: Dodged            |    68 |    60 ||   128
  Block: Buckler           |    27 |    23 ||    50
